Zazza, neutral female gnomish Healer --------- |.......| ---- |.......| |..| |.......| I..| |........### ---- -----.--- # ## ### ------ # # # |..$.+ # ### ###|....| ### # #-^...| ##### ### ------ ---+--.---- ### -+------ -------.--- #|.........| ## .......| |...<.....| ###|.........| ###|......| |.........| # #|..........##########.......| |.........| ### #|.........| -------- |.........| --+--- # #..>.......| |.........| |.^..|### |.........| |.........| |.....# ----------- ----------- ------ Zazza the Rhizotomist Experience level: 1 Strength: 8 Dexterity: 8 Constitution: 16 Intelligence: 11 Wisdom: 16 Charisma: 16 Health: 0(21) Energy: 6(6) Def: 2 Gold: 0 Moves: 1603 Dungeon seed: X3z59rhlLfa1wfFl Game ID: Zazza_1621696057 Your Inventory: Weapons a - a +0 scalpel D - a +0 elven dagger H - a +0 orcish dagger J - a +0 dagger Armor e - an uncursed +1 pair of leather gloves (being worn) y - an uncursed +0 orcish helm Comestibles j - 5 uncursed apples k - an uncursed fortune cookie o - an uncursed lichen corpse I - 2 uncursed food rations Spellbooks g - a blessed spellbook of healing h - a blessed spellbook of extra healing i - a blessed spellbook of stone to flesh Potions c - 4 uncursed potions of healing d - 3 uncursed potions of extra healing l - an uncursed potion of speed Rings K - an uncursed ring of poison resistance (on left hand) Wands f - a wand of sleep (0:3) Tools b - an uncursed stethoscope m - a cursed brass lantern (0:1027) L - an uncursed oilskin sack Gems n - an uncursed worthless piece of blue glass q - 2 uncursed worthless pieces of red glass r - an uncursed opal z - an uncursed worthless piece of yellowish brown glass N - 2 uncursed worthless pieces of white glass Spells and supernatural/magical abilities: Name Level Category Fail Memory h - healing 1 healing 0% 92% x - extra healing 3 healing 54% 92% S - stone to flesh 3 healing 64% 92% W - pray for help -- divine ? -- Your skills at the end: Fighting Skills Weapon Skills knife [Basic] Spellcasting Skills healing spells [Basic] Final Attributes: You were fervently aligned. You were poison resistant. You had infravision. You are dead. Vanquished creatures: a large kobold a gnome zombie 6 jackals a fox a kobold 2 goblins a grid bug 4 lichens a kobold zombie 7 newts 25 creatures vanquished. Voluntary challenges: You never hit with a wielded weapon. You were illiterate. You never genocided any monsters. You never polymorphed an object. You never changed form. You used no wishes. You never split a pudding. You never wrote Elbereth's name. You violated your moral code, losing 1 point of alignment, starting on turn 1602. Dungeon overview: The Dungeons of Doom: levels 1 to 4 Level 1 (g) a long staircase Level 2 (g) a weapon shop, an altar to Hermes Level 3 (g) a sink Level 4 <- You were here a long staircase History has recorded: On T:1 you entered the Dungeons of Doom to retrieve the Amulet of Yendor! On T:568 you reached level 2 of The Dungeons of Doom. On T:1106 you reached level 3 of The Dungeons of Doom. On T:1361 you reached level 4 of The Dungeons of Doom. Score breakdown: Gold: 0 ( 0 points) Experience: 1 level ( 0 points) Exploration: 4 levels ( 7.84%) ( 7348 points) Discoveries: 9 items ( 3.08%) ( 5266 points) Valuables value: (no points given unless you survive) Artifact value: 0 ( 0 points) Variety of kills: 10 monsters ( 2.62%) ( 4860 points) Turncount: 1603 turns ( 0 points) Survival: died (score multiplied by 80%) Total score: 13979 Latest messages: Never mind. You are now wearing a shiny ring. Suddenly one of the Vault's guards enters! <"Hello stranger, who are you?" -: Zazza> "I don't know you." "Most likely all your money was stolen from this vault." "Please drop that money and follow me." f - a wand of sleep (0:4). The guard gets angry! The sleep ray misses the guard. The sleep ray bounces! The sleep ray hits the guard. The sleep ray hits you! It hits! You die... Your 3105 zorkmids goes into the Magic Memory Vault. The oilskin sack is empty. The oilskin sack is empty. Final status: Goodbye Zazza the Healer, killed by a guard, while sleeping... You died in The Dungeons of Doom on dungeon level 4 with 13979 points, and 0 pieces of gold, after 1603 moves. You were level 1 with a maximum of 21 hit points when you died.